 Dungeon Crawl Stone Soup version 0.28.0 (webtiles) character file.

Game seed: 11203846758868640895

54 Tirrikindir the Shield-Bearer (level 3, -1/39 HPs)
             Began as an Octopode Fighter on Feb 8, 2022.
             Slain by an adder (5 damage)
             ... on level 2 of the Dungeon.
             The game lasted 00:04:11 (1385 turns).

Tirrikindir the Shield-Bearer (Octopode Fighter)    Turns: 1385, Time: 00:04:12

Health: -1/39      AC:  1    Str: 15    XL:     3   Next: 91%
Magic:  3/3        EV: 13    Int: 10    God:
Gold:   27         SH:  4    Dex: 13    Spells: 2/2 levels left

rFire   + . .      SeeInvis .   a - +0 long sword
rCold   . . .      Faith    .   b - +0 buckler
rNeg    . . .      Spirit   .   (helmet restricted)
rPois   .          Reflect  .   (no amulet)
rElec   .          Harm     .   j - ring of protection from fire
rCorr   .          Rampage  .   (no ring)
Will    .....                   (no ring)
Stlth   ..........              (no ring)
HPRegen 0.13/turn               (no ring)
MPRegen 0.08/turn               (no ring)
                                (no ring)
                                (no ring)

@: berserking, lethally poisoned (-1 -> -5), attractive, very quick
A: almost no armour, amphibious, 8 rings, camouflage 1, gelatinous body 1,
(nimble swimmer 1), tentacles
a: no special abilities


You were on level 2 of the Dungeon.
You visited 1 branch of the dungeon, and saw 2 of its levels.

You collected 27 gold pieces.

Inventory:

Hand Weapons
 a - a +0 long sword (weapon)
 d - a +0 short sword
Armour
 b - a +0 buckler (worn)
Jewellery
 j - a ring of protection from fire (left tentacle)
Scrolls
 g - a scroll of teleportation
 k - a scroll of identify
Potions
 c - a potion of might
 e - a potion of haste
 h - a potion of curing {unknown}
 i - a potion of attraction


   Skills:
 + Level 3.2 Fighting
 * Level 2.9 Long Blades
 + Level 3.2 Dodging
 + Level 1.8 Stealth
 + Level 3.3 Shields


You had 2 spell levels left.
You didn't know any spells.
Your spell library was empty.

Dungeon Overview and Level Annotations

Branches:
Dungeon (2/15)

Altars:

Shops:
D:1 [


Innate Abilities, Weirdness & Mutations

You cannot wear most types of armour.
You are amphibious.
You can wear up to eight rings at the same time.
Your skin changes colour to match your surroundings (Stealth+).
Your rubbery body absorbs attacks. (AC +1, EV +1)
((You are camouflaged when in or above water. (Stealth+)))
You have tentacles for arms and can constrict up to eight enemies at once.


Message History

You hit the bat.
You kill the bat!
The helpless quokka fails to defend itself.
You slash the quokka!
You kill the quokka!
HP restored.
You open the door.
There is an open door here.
k - a scroll of identify You now have 27 gold pieces (gained 5).
An adder comes into view.
A frilled lizard comes into view.
Found a scroll of identify.
The adder hisses angrily.
The adder bites you.
You are poisoned.
The adder poisons you!
You barely miss the adder. Your grab misses the adder.
You feel sick. The adder bites you.
You are more poisoned.
The adder poisons you! The adder closely misses you.
You barely miss the adder. You grab the adder. You constrict the adder.
You feel sick. The adder closely misses you.
You block the frilled lizard's attack. The adder bites you.
You release your grip on the adder.
You feel sick. The adder bites you.
You are lethally poisoned!
The adder poisons you!
* * * LOW HITPOINT WARNING * * *
You feel very sick.
It was a potion of attraction.
You feel attractive to monsters.
* * * LOW HITPOINT WARNING * * *
You feel sick. You block the adder's attack. The adder bites you.
* * * LOW HITPOINT WARNING * * *
It was a potion of berserk rage.
A red film seems to cover your vision as you go berserk!
You feel yourself moving faster!
You feel mighty!
* * * LOW HITPOINT WARNING * * *
You feel sick. The adder bites you.
You die...

..#.###.. ..#.#
#.. ### ..#.# #.#
#.. ..#.# #.# #.#
....###.########.#
.#..#.........##.#
....#.......#....#
....#.......####.#
†...#.......# #@#
.†..#.......#
#S##.#
###.#.#######
#l...# #####.#
#..........?#
...##.#
#.###########
......#
....##....# ....#
....# ....# ....+


You could see an adder and a frilled lizard.

Vanquished Creatures
  3 dart slugs (D:1)
  6 ball pythons
  5 bats
  2 endoplasms
  2 giant cockroaches (D:1)
  6 goblins
  6 hobgoblins
  4 quokkas
  5 frilled lizards
  3 kobolds
  4 rats
46 creatures vanquished.

Vanquished Creatures (others)
  4 toadstools (D:1)
4 creatures vanquished.

Grand Total: 50 creatures vanquished

Notes
Turn   | Place    | Note
-------+----------+-------------------------------------------
     0 | D:1      | Tirrikindir the Octopode Fighter began the quest for the
                  | Orb.
     0 | D:1      | Reached XP level 1. HP: 16/16 MP: 1/1
    48 | D:1      | Reached XP level 2. HP: 12/21 MP: 2/2
    57 | D:1      | Reached skill level 1 in Stealth
   404 | D:1      | Reached XP level 3. HP: 20/26 MP: 3/3
   404 | D:1      | Found Nahogg's Antique Armour Emporium.
  1385 | D:2      | Slain by an adder

Illustrated notes

Levels and vault maps discovered:
D:1:      ldierk_water_garden, layout_rooms, serial_shops, shop,
          minmay_pentomino_z4
D:2:      layout_basic, minmay_crystal_room, grunt_ministairs_10, st_stairs_5

Skill      XL: |  1  2 |
---------------+-------+-----
Stealth        | 1 |  1.8
Fighting       | |  3.2
Long Blades    | |  2.9
Dodging        | |  3.2
Shields        | |  3.3

Action                   || total
-------------------------++-------
Melee: Long sword        ||    72
       Constrict         ||    20
       Punch             ||     2
       Tentacles         ||     6
  Use: Scroll            ||     3
       Potion            ||     3
 Stab: Sleeping          ||    14
Armor: Skin              ||     5
Dodge: Dodged            ||    40
Block: Buckler           ||     6
